 Dungeon Sprint DCSS version 0.18-a0-19-g8b99b3a (webtiles) character file.

6743 Kamani the Blocker (level 11, -5/70 HPs)
             Began as a Gargoyle Fighter on Nov 1, 2015.
             Was the Champion of Cheibriados.
             Killed from afar by a deep elf annihilator (9 damage)
             ... with a poison arrow
             ... in the Dungeon (Sprint V: "Ziggurat Sprint").
             The game lasted 00:11:57 (1072 turns).

Kamani the Blocker (Gargoyle Fighter)               Turns: 1072, Time: 00:11:57

Health: -5/70      AC: 43    Str: 52    XL:     11   Next: 4%
Magic:  2/13       EV:  9    Int: 25    God:    Cheibriados [******]
Gold:   0          SH: 36    Dex: 24    Spells: 0 memorised, 10 levels left

rFire  + . .     SeeInvis +     J - +14 obsidian axe {chop, +Fly Str+3 SInv *Curse} (curse)
rCold  . . .     Clarity  .     K - +15 Maxwell's patent armour {-Cast -Tele rElec MR+ rCorr}
rNeg   + + .     SustAt   .     L - +18 shield of the gong {rElec rN+ MR+ EV-5}
rPois  ∞         Gourm    .     (no helmet)
rElec  +         Spirit   .     B - +2 cloak {rPois}
rCorr  +         Warding  .     (no gloves)
rMut   .         NoTele   +     j - +1 pair of boots "Sejie" {-Cast rElec rF+ SInv}
MR     ++...     NoCast   +     (no amulet)
Stlth  ..........               E - +6 ring of strength
                                D - +6 ring of strength

@: mesmerised, very slow, very resistant to hostile enchantments, extremely
unstealthy
A: frail 1, low mp 1, negative energy resistance 1, electricity resistance,
unbreathing, petrification resistance, rot immunity, AC +7
a: Bend Time, Temporal Distortion, Slouch, Step From Time, Renounce Religion,
Evoke Flight


You were in the Dungeon.
You worshipped Cheibriados.
Cheibriados was exalted by your worship.
You were not hungry.

You visited 1 branch

Inventory:

Hand Weapons
 J - the cursed +14 obsidian axe (weapon) {chop, +Fly Str+3 SInv *Curse}
   (You found it in the Dungeon)

   It inflicts extra damage upon your enemies.
   It affects your strength (+3).
   It lets you see invisible.
   It lets you fly.
   It may re-curse itself when equipped.
   It has a curse placed upon it.
Armour
 j - the +1 pair of boots "Sejie" (worn) {-Cast rElec rF+ SInv}
   (You found it in the Dungeon)

   It protects you from fire.
   It insulates you from electricity.
   It lets you see invisible.
   It prevents spellcasting.
 B - a +2 cloak of poison resistance (worn)
 K - the +15 Maxwell's patent armour (worn) {-Cast -Tele rElec MR+ rCorr}
   (You found it in the Dungeon)

   It insulates you from electricity.
   It affects your resistance to hostile enchantments.
   It prevents spellcasting.
   It prevents most forms of teleportation.
   It protects you from acid and corrosion.
 L - the +18 shield of the gong (worn) {rElec rN+ MR+ EV-5}
   (You found it in the Dungeon)

   It affects your evasion (-5).
   It insulates you from electricity.
   It protects you from negative energy.
   It affects your resistance to hostile enchantments.
Jewellery
 c - an uncursed ring of protection from cold
 o - the amulet of Veuruul {Inacc rN+ Str+3 Stlth+}
   (You found it in the Dungeon)

   [amulet of inaccuracy]

   It reduces the accuracy of all your attacks.
   It affects your strength (+3).
   It protects you from negative energy.
   It makes you more stealthy.
 y - a +6 ring of dexterity
 C - a +6 ring of intelligence
 D - a +6 ring of strength (left hand)
 E - a +6 ring of strength (right hand)
 M - an uncursed ring of protection from cold
Wands
 F - a wand of disintegration (7)
 G - a wand of fire (5)
 H - a wand of cold (5)
 I - a wand of draining (5)
Scrolls
 a - 2 scrolls of brand weapon
 k - 4 scrolls of blinking
 q - 4 scrolls of amnesia
 r - 3 scrolls of recharging
 s - 7 scrolls of fog
 t - a scroll of holy word
 u - 5 scrolls of identify
 v - 5 scrolls of remove curse
 w - 2 scrolls of fear
Potions
 d - 7 potions of might
 f - 10 potions of curing
 g - 10 potions of heal wounds
 i - 7 potions of magic
 l - 2 potions of brilliance
 m - 2 potions of invisibility
 n - 4 potions of resistance
 p - 5 potions of agility
Miscellaneous
 b - a fan of gales
 A - a box of beasts
Comestibles
 e - 5 bread rations
 x - 42 fruits
 z - 4 meat rations


   Skills:
 + Level 13.4 Fighting
 + Level 12.6 Axes
 + Level 11.3 Armour
 + Level 5.4 Dodging
 + Level 1.6 Stealth
 + Level 14.2 Shields
 + Level 5.1 Invocations
 + Level 3.0 Evocations


You had 10 spell levels left.
You didn't know any spells.

Dungeon Overview and Level Annotations

Branches:
Dungeon (1/1)

Altars:
Ashenzari
Cheibriados
Dithmenos
Elyvilon
Fedhas
Gozag
Kikubaaqudgha
Makhleb
Nemelex Xobeh
Okawaru
Qazlal
Ru
Sif Muna
Trog
Vehumet
Xom
Yredelemnul
Zin
The Shining One
Beogh
Jiyva
Lugonu


Innate Abilities, Weirdness & Mutations

You are resistant to torment.
Your stone body is resilient (AC +7).
You are immune to poison.
You resist negative energy.
You are resistant to electric shocks.
You can survive without breathing.
You are immune to petrification.
You are immune to rotting.
You are frail (-10% HP).
Your magical capacity is low (-10% MP).


Message History

You kill the blue devil!
You feel somewhat more hungry.
You block the deep elf blademaster's attack.
GONNNNG!
You block the deep elf blademaster's attack.
BOUMMMMG!
The deep elf high priest invokes the aid of its god against you.
Something smites you!
* * * LOW HITPOINT WARNING * * *
The deep elf annihilator gestures wildly while chanting.
The deep elf annihilator blinks!
The deep elf blademaster hits you with a short sword.
* * * LOW HITPOINT WARNING * * *
The deep elf blademaster hits you but does no damage.
The blue devil swoops through the air toward you!
You block the blue devil's attack.
GONNNNG!
The deep elf annihilator points at you and mumbles some strange words.
The poison arrow hits you! You partially resist.
You die...

▓...8©8...▓
▓..}).}...▓..[)):}..▓
▓..:[:")..▓...}}[...▓
▓....e....▓.........▓
▓.........▓.........▓
▓....e....▓.........▓
▓..))e....▓.....|...▓
▓...)eee..▓.▓.....▓.▓
▓.▓.§@..▓.▓.........▓
▓...4.....▓▓▓▓▓▓▓▓▓▓▓
▓▓▓▓▓▓▓▓▓▓▓


You could see a deep elf blademaster, a deep elf master archer, 2 deep elf
annihilators, a deep elf high priest, a deep elf conjurer and a blue devil.

Vanquished Creatures
  A thrashing horror (D)
  A deep elf knight (D)
  A wretched star (D)
  An ugly thing (D)
  An eye of devastation (D)
  2 freezing wraiths (D)
  A deep elf priest (D)
  4 polar bears (D)
  2 blue devils (D)
  A raiju (shapeshifter) (D)
  A slime creature (D)
  2 deep elf fighters (D)
  3 neqoxecs (D)
  A water moccasin (D)
  2 ice beasts (D)
  An eye of draining (D)
  A large abomination (D)
  A giant frog (D)
  An iron imp (D)
  A quasit (D)
  3 jellies (D)
  A sheep (D)
  A river rat (D)
  3 shadow imps (D)
  A white imp (D)
  2 ufetubi (D)
  An adder skeleton (D)
  A bat simulacrum (D)
  A bat zombie (D)
  A ball python (D)
  A quokka skeleton (D)
45 creatures vanquished.

Vanquished Creatures (collateral kills)
  An ugly thing (D)
  A neqoxec (D)
  A naga (D)
  4 eyes of draining (D)
  A jelly (D)
  An adder (D)
  3 oozes (D)
12 creatures vanquished.

Vanquished Creatures (others)
  A shadow imp (D)
1 creature vanquished.

Grand Total: 58 creatures vanquished

Notes
Turn   | Place    | Note
--------------------------------------------------------------
     0 | D        | Kamani the Gargoyle Fighter began the quest for the Orb.
     0 | D        | Reached XP level 1. HP: 14/14 MP: 1/1
     0 | D        | Found a roughly hewn altar of Beogh.
     0 | D        | Found a viscous altar of Jiyva.
     0 | D        | Found a corrupted altar of Lugonu.
     0 | D        | Found a white marble altar of Elyvilon.
     0 | D        | Found a sparkling altar of Nemelex Xobeh.
     1 | D        | Found a burning altar of Makhleb.
     1 | D        | Found an iron altar of Okawaru.
     1 | D        | Found a deep blue altar of Sif Muna.
     1 | D        | Found a radiant altar of Vehumet.
     1 | D        | Found a bloodstained altar of Trog.
     1 | D        | Found a shimmering altar of Xom.
    34 | D        | Became a worshipper of Cheibriados the Contemplative
    83 | D        | Entered arena 1.
    85 | D        | Reached skill level 4 in Fighting
    87 | D        | Reached XP level 2. HP: 12/20 MP: 2/2
   308 | D        | Entered arena 2.
   308 | D        | Noticed a giant frog
   311 | D        | Killed a giant frog
   311 | D        | Reached * piety under Cheibriados
   311 | D        | Reached skill level 5 in Fighting
   311 | D        | Reached skill level 5 in Armour
   311 | D        | Reached skill level 6 in Shields
   311 | D        | Reached XP level 3. HP: 24/27 MP: 3/3
   311 | D        | Reached XP level 4. HP: 28/32 MP: 4/4
   372 | D        | Reached skill level 7 in Fighting
   372 | D        | Reached XP level 5. HP: 35/38 MP: 4/8
   408 | D        | Entered arena 3.
   408 | D        | Noticed a naga
   408 | D        | Noticed a water moccasin
   411 | D        | Killed a water moccasin
   411 | D        | Reached ** piety under Cheibriados
   411 | D        | Reached skill level 8 in Fighting
   411 | D        | Reached XP level 6. HP: 42/44 MP: 9/9
   412 | D        | Noticed a neqoxec
   413 | D        | Killed a naga
   413 | D        | Reached *** piety under Cheibriados
   415 | D        | Gained mutation: You are frail (-10% HP). [a neqoxec]
   418 | D        | Noticed a sixfirhy
   418 | D        | Gained mutation: Your magical capacity is low (-10% MP). [a neqoxec]
   461 | D        | Entered arena 4.
   463 | D        | Reached skill level 5 in Axes
   463 | D        | Reached XP level 7. HP: 45/45 MP: 9/9
   464 | D        | Reached **** piety under Cheibriados
   478 | D        | Entered arena 5.
   478 | D        | Noticed a polar bear
   478 | D        | Noticed a polar bear
   478 | D        | Noticed a polar bear
   478 | D        | Noticed a polar bear
   482 | D        | Reached ***** piety under Cheibriados
   482 | D        | Reached skill level 9 in Fighting
   483 | D        | Killed a polar bear
   483 | D        | Killed a polar bear
   483 | D        | Reached skill level 10 in Shields
   483 | D        | Reached XP level 8. HP: 34/51 MP: 10/10
   483 | D        | Killed a polar bear
   483 | D        | Reached skill level 10 in Fighting
   484 | D        | Killed a polar bear
   489 | D        | Got the +1 pair of boots "Sejie" {-Cast rElec rF+ SInv}
   501 | D        | Entered arena 6.
   501 | D        | Noticed a freezing wraith
   501 | D        | Noticed a freezing wraith
   501 | D        | Noticed a blue devil
   501 | D        | Noticed a blue devil
   502 | D        | Noticed a sun demon
   506 | D        | Reached ****** piety under Cheibriados
   508 | D        | Killed a blue devil
   508 | D        | Killed a blue devil
   508 | D        | Reached skill level 10 in Armour
   508 | D        | Reached skill level 11 in Shields
   508 | D        | Reached XP level 9. HP: 42/56 MP: 11/11
   508 | D        | Killed a freezing wraith
   511 | D        | Killed a freezing wraith
   522 | D        | Got the amulet of Veuruul {Inacc rN+ Str+3 Stlth+}
   612 | D        | Entered arena 7.
   618 | D        | Reached skill level 12 in Shields
   797 | D        | Entered arena 8.
   797 | D        | Noticed a purple ugly thing
   797 | D        | Noticed a purple ugly thing
   801 | D        | Reached skill level 10 in Axes
   804 | D        | Killed a red ugly thing
   805 | D        | Reached skill level 5 in Dodging
   805 | D        | Reached XP level 10. HP: 63/63 MP: 12/12
   806 | D        | Killed a purple ugly thing
   815 | D        | Entered arena 9.
   815 | D        | Noticed an eye of devastation
   819 | D        | Reached skill level 13 in Shields
   824 | D        | Killed an eye of devastation
  1035 | D        | Entered arena 10.
  1035 | D        | Noticed a wretched star
  1035 | D        | Noticed a thrashing horror
  1036 | D        | Killed a thrashing horror
  1044 | D        | Killed a wretched star
  1044 | D        | Reached skill level 1 in Stealth
  1048 | D        | asd
  1067 | D        | Entered arena 11.
  1067 | D        | Noticed a deep elf conjurer
  1067 | D        | Noticed a deep elf annihilator
  1067 | D        | Noticed a deep elf high priest
  1067 | D        | Noticed a deep elf blademaster
  1067 | D        | Noticed a deep elf annihilator
  1068 | D        | Noticed a deep elf knight
  1068 | D        | Noticed a deep elf master archer
  1072 | D        | Reached skill level 5 in Invocations
  1072 | D        | Killed a deep elf knight
  1072 | D        | Reached skill level 14 in Shields
  1072 | D        | Reached XP level 11. HP: 17/70 MP: 7/13
  1072 | D        | Killed from afar by a deep elf annihilator

Vault maps used:
D:        sprint_v

Action                   |  1- 3 |  4- 6 |  7- 9 | 10-12 || total
-------------------------+-------+-------+-------+-------++-------
Melee: Broad axe         |     4 |    16 |    26 |    13 ||    59
Invok: Slouch            |       |       |       |     2 ||     2
Evoke: Fan of gales      |       |       |     1 |       ||     1
  Use: Potion            |       |     1 |       |       ||     1
 Stab: Distracted        |       |       |       |     1 ||     1
